 Dungeon Crawl Stone Soup version 0.27.1-1-g398f81649c (webtiles) character file.

Game seed: 4809280487846731870

167 Destapler the Shield-Bearer (level 5, -3/47 HPs)
             Began as a Minotaur Fighter on Sept 14, 2021.
             Was a Believer of Vehumet.
             Killed from afar by an orc wizard (6 damage)
             ... with a puff of flame
             ... on level 4 of the Dungeon.
             The game lasted 00:04:36 (2649 turns).

Destapler the Shield-Bearer (Minotaur Fighter)      Turns: 2649, Time: 00:04:37

Health: -3/47      AC:  4    Str: 20    XL:     5   Next: 23%
Magic:  5/5        EV:  9    Int:  6    God:    Vehumet [**....]
Gold:   115        SH: 10    Dex: 10    Spells: 5/6 levels left

rFire    . . .     SeeInvis .   a - +0 long sword
rCold    . . .     Faith    .   c - +1 kite shield
rNeg     . . .     Spirit   .   y - +0 leather armour
rPois    .         Reflect  .   (helmet restricted)
rElec    .         Harm     .   (no cloak)
rCorr    .         Rampage  .   (no gloves)
Will     .....                  j - +0 pair of boots
Stlth    +.........             i - amulet of the acrobat
HPRegen  0.15/turn              (no ring)
MPRegen  0.09/turn              (no ring)

@: no status effects
A: horns 2, retaliatory headbutt
a: Renounce Religion


You were on level 4 of the Dungeon.
You worshipped Vehumet.
Vehumet was pleased with you.
You visited 1 branch of the dungeon, and saw 4 of its levels.

You collected 115 gold pieces.

Inventory:

Hand Weapons
 a - a +0 long sword (weapon)
Missiles
 p - 5 boomerangs (quivered)
 s - 17 poisoned darts
 x - a throwing net
Armour
 b - a +0 scale mail
 c - a +1 kite shield (worn)
 j - a +0 pair of boots (worn)
 y - a +0 leather armour (worn)
Jewellery
 g - a ring of ice
 i - an amulet of the acrobat (around neck)
 v - a ring of ice
Wands
 q - a wand of charming (13)
Scrolls
 h - a scroll of teleportation
 k - a scroll of torment
 l - a scroll of enchant armour
 o - a scroll of identify
 r - a scroll of noise
Potions
 d - a potion of might
 e - 3 potions of curing
 f - a potion of magic {unknown}
 t - a potion of degeneration {unknown}
 w - a potion of attraction


   Skills:
 - Level 4.4 Fighting
 + Level 3.6 Long Blades
 + Level 3.8 Armour
 + Level 2.0 Dodging
 + Level 4.5 Shields
 * Level 1.1 Spellcasting
 * Level 0.1 Conjurations


You had 5 spell levels left.
You knew the following spells:

 Your Spells              Type           Power      Damage    Failure   Level
a - Magic Dart            Conj           0%         1d3       88%         1

Your spell library contained the following spells:

 Spells                   Type           Power      Damage    Failure   Level
 Foxfire                  Conj/Fire      0%         2x1d4     89%         1
 Call Canine Familiar     Summ           0%         N/A       99%         3
 Gell's Gravitas          Tloc           0%         N/A       99%         3
 Lesser Beckoning         Tloc           0%         N/A       99%         3
 Portal Projectile        Hex/Tloc       0%         N/A       99%         3
 Teleport Other           Tloc           0%         N/A       99%         3
 Leda's Liquefaction      Hex/Erth       0%         N/A       100%        4


Dungeon Overview and Level Annotations

Branches:
Dungeon (4/15)
 Temple: D:4-7

Altars:
Vehumet

Shops:
D:3 (


Innate Abilities, Weirdness & Mutations

You have a pair of horns on your head.
You reflexively headbutt those who attack you in melee.


Message History

You hit the orc.
The orc is severely wounded.
The orc hits you with a +0 flail. You block the hobgoblin's attack.
You block something's attack. The orc hits you with a +0 flail!
* * * LOW HITPOINT WARNING * * *
You closely miss the orc. You headbutt the orc.
You kill the orc!
Vehumet accepts your kill. You block the hobgoblin's attack.
You block something's attack. You block the orc's attack.
The hobgoblin barely misses you. You furiously retaliate!
You headbutt the hobgoblin!
You kill the hobgoblin!
Vehumet accepts your kill.
You slash the orc!
You kill the orc!
Vehumet accepts your kill.
You hear some strange, mumbled words.
A magic dart appears from out of thin air!
The magic dart hits you.
* * * LOW HITPOINT WARNING * * *
Something hits you.
* * * LOW HITPOINT WARNING * * *
You are too injured to fight recklessly!
You are too injured to fight recklessly!
You are too injured to fight recklessly!
You are too injured to fight recklessly!
You are too injured to fight recklessly!
You are too injured to fight recklessly!
Your leather armour prevents you from hitting something.
Your headbutt misses something. Something hits you.
* * * LOW HITPOINT WARNING * * *
You barely miss something. Something hits you.
* * * LOW HITPOINT WARNING * * *
Something hits you.
* * * LOW HITPOINT WARNING * * *
You hit something. You headbutt something.
You hear some strange, mumbled words.
A puff of flame appears from out of thin air!
The puff of flame hits you.
You die...

#.. # #.# #.
##.# ... ..#
.. ..#######
...#
#.##.#......
...#
#..){.......
.#.#.# #@#
...#.#
##.#.#
...#.#
##....#
.#.#<#
##.###.#
...#.#
####.## #.#
...#.#
#....# .#
##.#.#
#.##.## .#
##...#
#.###.###.#
####.#####.#
##...#


There were no monsters in sight!

Vanquished Creatures
  A centaur zombie (D:3)
  Jessica (D:3)
  An orc wizard (D:3)
  2 adders (D:3)
  A worm (D:2)
  A dart slug (D:2)
  7 orcs
  6 ball pythons
  2 giant cockroaches
  A goblin (D:2)
  4 hobgoblins
  2 kobolds
  A quokka (D:2)
  3 bats
  4 frilled lizards
  9 rats
46 creatures vanquished.

Vanquished Creatures (others)
  An orc wizard (D:3)
1 creature vanquished.

Grand Total: 47 creatures vanquished

Notes
Turn   | Place    | Note
-------+----------+-------------------------------------------
     0 | D:1      | Destapler the Minotaur Fighter began the quest for the Orb.
     0 | D:1      | Reached XP level 1. HP: 19/19 MP: 0/0
   200 | D:1      | Found a faded altar of an unknown god.
   210 | D:1      | Became a worshipper of Vehumet
   210 | D:1      | Reached * piety under Vehumet
   210 | D:1      | Offered knowledge of Magic Dart by Vehumet.
   485 | D:1      | Reached XP level 2. HP: 26/27 MP: 1/1
   523 | D:1      | Learned a level 1 spell: Magic Dart
  1424 | D:2      | You fall into a shaft and drop 1 floor!
  1445 | D:3      | Reached skill level 1 in Dodging
  1445 | D:3      | Reached XP level 3. HP: 29/33 MP: 1/3
  1506 | D:3      | Reached XP level 4. HP: 32/40 MP: 4/4
  1518 | D:3      | Reached skill level 1 in Spellcasting
  1645 | D:3      | Found Usonumas's Weapon Emporium.
  1825 | D:3      | Noticed Jessica
  1832 | D:3      | Killed Jessica
  1833 | D:3      | Reached XP level 5. HP: 47/47 MP: 5/5
  2116 | D:3      | Offered knowledge of Foxfire by Vehumet.
  2637 | D:4      | Reached ** piety under Vehumet
  2648 | D:4      | HP: 2/47 [something (2)]
  2649 | D:4      | Killed from afar by an orc wizard

Illustrated notes

Levels and vault maps discovered:
D:1:      onia_arrival_handbag, layout_basic,
          shapermc_ecumenical_altar_mp_ritualfount
D:2:      layout_basic
D:3:      layout_loops_ring, serial_shops,
          nicolae_shop_competitors_out_of_business,
          chequers_serial_rivers_large_a, minmay_misc_feat_nine_boxes,
          uniq_jessica
D:4:      layout_loops_ring, nicolae_ru_awakened_eye, temple_hall,
          portal_sewer_entry_b, minivault_14

Skill      XL: |  1  2  3  4  5 |
---------------+----------------+-----
Shields        | 4 |  4.5
Fighting       | 4 |  4.4
Long Blades    | 3 |  3.6
Dodging        | 1 2 |  2.0
Spellcasting   | 1 |  1.1
Armour         | |  3.8
Conjurations   | |  0.1

Action                   |  1- 3 |  4- 6 || total
-------------------------+-------+-------++-------
Melee: Long sword        |    69 |    63 ||   132
       Headbutt          |     8 |    10 ||    18
  Use: Scroll            |       |     9 ||     9
Armor: Scale mail        |    58 |    14 ||    72
       Leather armour    |       |     7 ||     7
Dodge: Dodged            |    36 |    17 ||    53
Block: Kite shield       |    56 |    39 ||    95
       Rpst.: Long sword |     7 |     2 ||     9
